 Dungeon Crawl Stone Soup version 0.25-a0-566-g062765be81 (webtiles) character file.

Game seed: 6541644316765104699, levelgen mode: deterministic

261 kae the Vexing (level 5, -5/38 HPs)
             Began as a Demonspawn Enchanter on Feb 28, 2020.
             Slain by an ogre
             ... wielding a +0 giant spiked club
              (26 damage)
             ... on level 4 of the Dungeon.
             The game lasted 00:03:35 (2476 turns).

kae the Vexing (Demonspawn Enchanter)               Turns: 2476, Time: 00:03:35

Health: -5/38      AC:  2    Str:  9    XL:     5   Next: 96%
Magic:  7/9        EV: 13    Int: 17    God:
Gold:   153        SH:  0    Dex: 15    Spells: 6/9 levels left

rFire    . . .     SeeInvis .   a - +1 dagger
rCold    . . .     Gourm    .   (no shield)
rNeg     . . .     Faith    .   b - +0 robe
rPois    .         Spirit   .   (no helmet)
rElec    .         Reflect  .   (no cloak)
rCorr    .         Harm     .   (no gloves)
MR       .....     Clarity  +   (no boots)
Stlth    +++.......             (no amulet)
HPRegen  0.12/turn              (no ring)
MPRegen  0.11/turn              (no ring)

@: starving
A: agile 1, clarity, nightstalker 1, sense surroundings 1, subdued magic 1
a: no special abilities


You were on level 4 of the Dungeon.
You were starving.

You visited 1 branch of the dungeon, and saw 4 of its levels.

You collected 153 gold pieces.

Inventory:

Hand Weapons
 a - a +1 dagger (weapon)
Armour
 b - a +0 robe (worn)
Scrolls
 c - a scroll of immolation {unknown}
 e - a scroll of amnesia {unknown}
 f - a scroll of teleportation {unknown}
 g - 3 scrolls of identify {unknown}
 i - a scroll of remove curse {unknown}
 j - 2 scrolls of enchant armour {unknown}
 m - a scroll of blinking {unknown}
Potions
 k - a potion of curing {unknown}
 l - a potion of invisibility {unknown}
Comestibles
 d - 5 rations


   Skills:
 + Level 1.8 Fighting
 * Level 3.0 Short Blades
 + Level 2.7 Dodging
 + Level 3.4 Stealth
 + Level 2.8 Spellcasting
 + Level 3.6 Hexes


You had 6 spell levels left.
You knew the following spells:

 Your Spells              Type           Power        Failure   Level  Hunger
a - Corona                Hex            ##.....      3%          1    #......
b - Ensorcelled Hibernat  Hex/Ice        #.....       11%         2    ##.....

Your spell library contained the following spells:

 Spells                   Type           Power        Failure   Level  Hunger
 Confusing Touch          Hex            ##......     10%         3    ###....
 Tukima's Dance           Hex            ##......     10%         3    ###....
 Dazzling Flash           Conj/Hex       #.....       22%         3    ###....


Dungeon Overview and Level Annotations

Branches:
Dungeon (4/15)
 Temple: D:4-7

Altars:
Hepliaklqana
Nemelex Xobeh


Innate Abilities, Weirdness & Mutations

You are slightly more attuned to the shadows.
You are agile. (Dex +2)
You possess an exceptional clarity of mind.
You passively map a small area around you.
Your spells are a little easier to cast, but a little less powerful.


Message History

You feel much better.
The ogre hits you with a +0 giant spiked club!!
Ouch! That really hurt!
* * * LOW HITPOINT WARNING * * *
Unknown command.
Okay, then.
Okay, then.
Casting: Ensorcelled Hibernation (safe; 11% risk of failure)
Confirm with . or Enter, or press ? or * to list all spells.
Aiming: Ensorcelled Hibernation (safe; 11% risk of failure)
Press: ? - help, Shift-Dir - straight line, f - ogre
Aim: an ogre, wielding a +0 giant spiked club (chance to defeat MR: 37%)
The ogre looks drowsy...
You are starving!
The helpless ogre fails to defend itself.
You impale the ogre!!
The ogre is severely wounded.
The ogre hits you with a +0 giant spiked club!!
Ouch! That really hurt!
You die...

.....##'#........#....(..#
.................#.##.####
................###.##.#
....................##.#
................######.#
..............# #.#
,....#........## #.#
*#####.....##########.#
...............@O...#.#
..............#####.#[#
..............#.....#)#
,.................#..#(##########
.........####.#................#
.........# #>#.....#.#######.##
.........####.#.....#.#.#####.#
....#..#.##.........#......##.#
....#..#+##.........#.#.##.##.#


You could see an ogre.

Vanquished Creatures
  Sigmund (D:2)
  An orc wizard (D:4)
  A gnoll (D:3)
  A worm (D:3)
  A dart slug (D:1)
  2 leopard geckos
  4 orcs (D:4)
  A ball python (D:2)
  7 bats
  4 giant cockroaches
  5 goblins
  6 hobgoblins
  3 jackals (D:2)
  4 kobolds
  3 quokkas
  6 frilled lizards
  5 rats
55 creatures vanquished.

Notes
Turn   | Place    | Note
-------+----------+-------------------------------------------
     0 | D:1      | kae the Demonspawn Enchanter began the quest for the Orb.
     0 | D:1      | Reached XP level 1. HP: 13/13 MP: 3/3
    17 | D:1      | Reached skill level 1 in Short Blades
   323 | D:1      | Gained mutation: You are slightly more attuned to the
                  | shadows. [demonic ancestry]
   323 | D:1      | Reached XP level 2. HP: 12/19 MP: 3/5
   356 | D:1      | Learned a level 2 spell: Ensorcelled Hibernation
  1128 | D:2      | Reached XP level 3. HP: 24/25 MP: 6/6
  1189 | D:2      | Noticed Sigmund
  1197 | D:2      | Gained mutation: You are weak. (Str -2) [potion of
                  | mutation]
  1197 | D:2      | Gained mutation: Your spells are a little easier to cast,
                  | but a little less powerful. [potion of mutation]
  1197 | D:2      | Gained mutation: Your spells are easier to cast, but less
                  | powerful. [potion of mutation]
  1197 | D:2      | Gained mutation: You possess an exceptional clarity of
                  | mind. [potion of mutation]
  1207 | D:2      | Killed Sigmund
  1207 | D:2      | Reached skill level 1 in Fighting
  1207 | D:2      | Reached XP level 4. HP: 25/32 MP: 1/8
  1207 | D:2      | Reached XP level 5. HP: 29/37 MP: 1/9
  1322 | D:2      | Lost mutation: You are weak. (Str -2) [potion of mutation]
  1322 | D:2      | Gained mutation: You passively map a small area around you.
                  | [potion of mutation]
  1322 | D:2      | Lost mutation: Your spells are easier to cast, but less
                  | powerful. [potion of mutation]
  1322 | D:2      | Gained mutation: You are agile. (Dex +2) [potion of
                  | mutation]
  1559 | D:2      | You fall into a shaft and drop 2 floors!
  1582 | D:4      | Found a sparkling altar of Nemelex Xobeh.
  2319 | D:4      | Found a hazy altar of Hepliaklqana.
  2324 | D:4      | Noticed an ogre
  2476 | D:4      | Slain by an ogre

Levels and vault maps discovered:
D:1:      tarquinn_simple_flora_water_f, layout_rooms
D:2:      layout_rooms, okawaru_gym_becter, uniq_terence, uniq_sigmund
D:3:      layout_loops_ring, grunt_qazlal_sundering, overflow_temple_1_default,
          nrook_mini_vaults
D:4:      layout_basic, nemelex_xobeh_ov_fountains_minmay, kennysheep_mini,
          old_standard_altar, first_ration

Skill      XL: |  1  2  3  4  5 |
---------------+----------------+-----
Short Blades   | 1 2 3 |  3.0
Dodging        | 2 |  2.7
Fighting       | 1 |  1.8
Stealth        | 3 |  3.4
Spellcasting   | |  2.8
Hexes          | |  3.6

Action                   |  1- 3 |  4- 6 || total
-------------------------+-------+-------++-------
Melee: Dagger            |   100 |    66 ||   166
 Cast: Corona            |    10 |       ||    10
       Ensorcelled Hiber |     6 |     9 ||    15
  Use: Potion            |     4 |     2 ||     6
 Stab: Sleeping          |    12 |    13 ||    25
  Eat: Chunk             |     1 |     3 ||     4
Armor: Robe              |    16 |     5 ||    21
Dodge: Dodged            |    79 |    51 ||   130

Table legend:
 A = Non-vault XP
 B = Vault XP
 C = Vault XP percentage of total XP
 D = Non-vault monster count
 E = Vault monster count
 F = Vault count percentage of total count
                 A         B        C        D         E       F
            +---------+---------+-------+---------+---------+-------
      Total |     150 |     223 |  59.8 |      54 |       1 |   1.8
            +---------+---------+-------+---------+---------+-------
        D:1 |      36 |       0 |   0.0 |      21 |       0 |   0.0
        D:2 |      33 |     223 |  87.1 |      21 |       1 |   4.5
        D:3 |      25 |       0 |   0.0 |       5 |       0 |   0.0
        D:4 |      56 |       0 |   0.0 |       7 |       0 |   0.0
            +---------+---------+-------+---------+---------+-------
